| TOP OF THE 1ST |
|
Pulaski Yankees batting - Pitching for Greeneville Astros : LHP Guadalupe Gonzalez
|
|
Pitching: LHP Guadalupe Gonzalez
|
|
|
Batting: RHB Jim O'Dwyer
|
0-0: Foul Ball, location: 2F 0-1: Fly out, F8 (Flyball, 8LD, EV 87.5 MPH)
|
|
Batting: SHB Dylan Best
|
0-0: Called Strike 0-1: Foul Ball, location: 2F 0-2: Ball 1-2: SINGLE (Groundball, 6D, EV 106.9 MPH)
|
|
Batting: RHB Paul Ngumi
|
Pickoff Throw to First - Out! 1-3 CS 0-0: Ball 1-0: Called Strike 1-1: Ball 2-1: Foul Ball, location: 2F 2-2: Ball 3-2: SINGLE (Groundball, 5S, EV 73.8 MPH) (infield hit)
|
|
Batting: RHB Ken Stair
|
0-0: Called Strike 0-1: Called Strike 0-2: Ball Paul Ngumi is caught stealing 2nd base 2-4
|
| Top of the 1st over - 0 runs, 2 hits, 0 errors, 0 left on base; Pulaski 0 - Greeneville 0 |
| BOTTOM OF THE 1ST |
|
Greeneville Astros batting - Pitching for Pulaski Yankees : LHP Gordon Jing
|
|
Pitching: LHP Gordon Jing
|
|
|
Batting: LHB Vecdi Hodensack
|
0-0: Foul Ball, location: 2F 0-1: Ball 1-1: Fly out, F4 (Line Drive, 4, EV 73.1 MPH)
|
|
Batting: RHB Jamie Walker
|
0-0: Called Strike 0-1: Called Strike 0-2: Ball 1-2: Strikes out swinging
|
|
Batting: RHB Hugo Priego
|
0-0: SOLO HOME RUN (Flyball, 7LD, EV 93.1 MPH), Distance : 351 ft
|
|
Batting: RHB Tim Williams
|
0-0: Hit by Pitch
|
|
Batting: LHB Bert Middleton
|
0-0: Ball 1-0: Swinging Strike 1-1: Ball Wild Pitch! Tim Williams to second 2-1: Foul Ball, location: 2F 2-2: Foul Ball, location: 2F 2-2: Ball 3-2: Foul Ball, location: 2F 3-2: Base on Balls
|
|
Batting: RHB Bill Borden
|
0-0: Swinging Strike 0-1: Swinging Strike 0-2: Strikes out swinging
|
| Bottom of the 1st over - 1 run, 1 hit, 0 errors, 2 left on base; Pulaski 0 - Greeneville 1 |
| TOP OF THE 2ND |
|
Pulaski Yankees batting - Pitching for Greeneville Astros : LHP Guadalupe Gonzalez
|
|
Batting: RHB Ken Stair
|
0-0: Foul Ball, location: 2F 0-1: Foul Ball, location: 2F 0-2: Ground out 6-3 (Groundball, 6S, EV 87.5 MPH)
|
|
Batting: RHB Jonathan Feldstein
|
0-0: Ball 1-0: Ball 2-0: Foul Ball, location: 2F 2-1: Swinging Strike 2-2: Strikes out swinging
|
|
Batting: LHB Dave Ortiz
|
0-0: Ball 1-0: Ball 2-0: Fly out, F4 (Popup, 34D, EV 61.2 MPH)
|
| Top of the 2nd over - 0 runs, 0 hits, 0 errors, 0 left on base; Pulaski 0 - Greeneville 1 |
| BOTTOM OF THE 2ND |
|
Greeneville Astros batting - Pitching for Pulaski Yankees : LHP Gordon Jing
|
|
Batting: RHB David Snyder
|
0-0: Called Strike 0-1: Ball 1-1: Ball 2-1: Ground out 2-3 (Groundball, 15S, EV 66.2 MPH)
|
|
Batting: LHB Guadalupe Gonzalez
|
0-0: Ball 1-0: Called Strike 1-1: Ball 2-1: Foul Ball, location: 2F 2-2: Ball 3-2: Base on Balls
|
|
Batting: RHB Fernando Acosta
|
0-0: Ball 1-0: Ball 2-0: Foul Ball, location: 2F 2-1: Grounds into double play, 6-4-3 (Groundball, 6, EV 90.6 MPH)
|
| Bottom of the 2nd over - 0 runs, 0 hits, 0 errors, 0 left on base; Pulaski 0 - Greeneville 1 |
| TOP OF THE 3RD |
|
Pulaski Yankees batting - Pitching for Greeneville Astros : LHP Guadalupe Gonzalez
|
|
Batting: RHB Bailey Hays
|
0-0: Ball 1-0: Ground out 6-3 (Groundball, 6, EV 86.9 MPH)
|
|
Batting: LHB Rip Log
|
0-0: Ball 1-0: Ground out U3 (Groundball, 13, EV 81.2 MPH)
|
|
Batting: RHB Juan Perez
|
0-0: Called Strike 0-1: Ball 1-1: Ball 2-1: Swinging Strike 2-2: Ball 3-2: Base on Balls
|
|
Batting: RHB Jim O'Dwyer
|
0-0: Ball 1-0: Ball 2-0: Called Strike 2-1: SINGLE (Groundball, 4MD, EV 97.5 MPH) Juan Perez to second
|
|
Batting: SHB Dylan Best
|
0-0: Ball 1-0: Called Strike 1-1: Swinging Strike 1-2: Strikes out swinging
|
| Top of the 3rd over - 0 runs, 1 hit, 0 errors, 2 left on base; Pulaski 0 - Greeneville 1 |
| BOTTOM OF THE 3RD |
|
Greeneville Astros batting - Pitching for Pulaski Yankees : LHP Gordon Jing
|
|
Batting: LHB Vecdi Hodensack
|
0-0: Ball 1-0: Foul Ball, location: 2F 1-1: DOUBLE (Line Drive, 5D, EV 101.9 MPH)
|
|
Batting: RHB Jamie Walker
|
0-0: Foul Ball, location: 2F 0-1: Ground out 5-3 (Groundball, 56D, EV 87.5 MPH)
|
|
Batting: RHB Hugo Priego
|
0-0: Ball 1-0: Called Strike 1-1: 2-RUN HOME RUN (Flyball, 9D, EV 92.5 MPH), Distance : 348 ft
|
|
Batting: RHB Tim Williams
|
0-0: Reached on error, E5 (Groundball, 56S, EV 76.9 MPH)
|
|
Batting: LHB Bert Middleton
|
0-0: SINGLE (Line Drive, 34D, EV 95.6 MPH) Tim Williams to third
|
|
Batting: RHB Bill Borden
|
0-0: SINGLE (Groundball, 56D, EV 105.6 MPH) (infield hit) Tim Williams scores Bert Middleton to second
|
|
Batting: RHB David Snyder
|
0-0: Fly out, F8 (Flyball, 8RD, EV 93.8 MPH)
|
|
Batting: LHB Guadalupe Gonzalez
|
0-0: Ball 1-0: Called Strike 1-1: Swinging Strike 1-2: Foul Ball, location: 2F 1-2: Ball 2-2: Ball 3-2: Foul Ball, location: 2F 3-2: 3-RUN HOME RUN (Line Drive, 9LD, EV 95.0 MPH), Distance : 370 ft
|
|
Pitching: RHP Manny de la Cruz
|
|
|
Batting: RHB Fernando Acosta
|
0-0: Ball 1-0: Called Strike 1-1: Ground out 6-3 (Groundball, 56, EV 81.2 MPH)
|
| Bottom of the 3rd over - 6 runs, 5 hits, 1 error, 0 left on base; Pulaski 0 - Greeneville 7 |
| TOP OF THE 4TH |
|
Pulaski Yankees batting - Pitching for Greeneville Astros : LHP Guadalupe Gonzalez
|
|
Batting: RHB Paul Ngumi
|
0-0: Ball 1-0: Ground out U3 (Groundball, 34S, EV 86.9 MPH)
|
|
Batting: RHB Ken Stair
|
0-0: Foul Ball, location: 2F 0-1: Swinging Strike 0-2: Ball 1-2: Ground out 6-3 (Groundball, 6, EV 106.2 MPH)
|
|
Batting: RHB Jonathan Feldstein
|
0-0: Called Strike 0-1: Foul Ball, location: 2F 0-2: Ball 1-2: Hit by Pitch
|
|
Batting: LHB Dave Ortiz
|
0-0: Called Strike 0-1: Called Strike 0-2: DOUBLE (Line Drive, 89D, EV 103.1 MPH) Jonathan Feldstein to third Runner from 3rd tries for Home, SAFE, throw by CF to trailing runner, SAFE at third!
|
|
Batting: RHB Bailey Hays
|
0-0: Fly out, F9 (Flyball, 9D, EV 98.1 MPH)
|
| Top of the 4th over - 1 run, 1 hit, 0 errors, 1 left on base; Pulaski 1 - Greeneville 7 |
| BOTTOM OF THE 4TH |
|
Greeneville Astros batting - Pitching for Pulaski Yankees : RHP Manny de la Cruz
|
|
Batting: LHB Vecdi Hodensack
|
0-0: Ground out 6-3 (Groundball, 4M, EV 109.4 MPH)
|
|
Batting: RHB Jamie Walker
|
0-0: SINGLE (Line Drive, 8LS, EV 105.6 MPH)
|
|
Batting: RHB Hugo Priego
|
0-0: Called Strike 0-1: Ball 1-1: Ball 2-1: Ball 3-1: Base on Balls Jamie Walker to second
|
|
Batting: RHB Tim Williams
|
0-0: Called Strike 0-1: Called Strike 0-2: Foul Ball, location: 2F 0-2: Ball Wild Pitch! Jamie Walker to third Hugo Priego to second 1-2: Strikes out swinging
|
|
Batting: LHB Bert Middleton
|
0-0: Ball 1-0: Ball 2-0: Called Strike 2-1: Ground out 4-3 (Groundball, 4, EV 85.0 MPH)
|
| Bottom of the 4th over - 0 runs, 1 hit, 0 errors, 2 left on base; Pulaski 1 - Greeneville 7 |
| TOP OF THE 5TH |
|
Pulaski Yankees batting - Pitching for Greeneville Astros : LHP Guadalupe Gonzalez
|
|
Batting: LHB Rip Log
|
0-0: Called Strike 0-1: Called Strike 0-2: Strikes out looking
|
|
Batting: RHB Juan Perez
|
0-0: Ball 1-0: Swinging Strike 1-1: Foul Ball, location: 2F 1-2: Strikes out swinging
|
|
Batting: RHB Jim O'Dwyer
|
0-0: SINGLE (Line Drive, 9S, EV 88.8 MPH)
|
|
Batting: SHB Dylan Best
|
0-0: Called Strike 0-1: Fly out, F8 (Flyball, 8RM, EV 78.1 MPH)
|
| Top of the 5th over - 0 runs, 1 hit, 0 errors, 1 left on base; Pulaski 1 - Greeneville 7 |
| BOTTOM OF THE 5TH |
|
Greeneville Astros batting - Pitching for Pulaski Yankees : RHP Manny de la Cruz
|
|
Batting: RHB Bill Borden
|
0-0: Ground out 4-3 (Groundball, 4, EV 104.4 MPH)
|
|
Batting: RHB David Snyder
|
0-0: Ground out 6-3 (Groundball, 6, EV 102.5 MPH)
|
|
Batting: LHB Guadalupe Gonzalez
|
0-0: Fly out, F7 (Flyball, 7LM, EV 90.6 MPH)
|
| Bottom of the 5th over - 0 runs, 0 hits, 0 errors, 0 left on base; Pulaski 1 - Greeneville 7 |
| TOP OF THE 6TH |
|
Pulaski Yankees batting - Pitching for Greeneville Astros : LHP Guadalupe Gonzalez
|
|
Batting: RHB Paul Ngumi
|
0-0: Ball 1-0: Called Strike 1-1: Ball 2-1: Ball 3-1: Called Strike 3-2: Base on Balls
|
|
Batting: RHB Ken Stair
|
0-0: Ball 1-0: Foul Ball, location: 2F 1-1: DOUBLE (Groundball, 5L, EV 105.6 MPH) Paul Ngumi to third
|
|
Batting: RHB Jonathan Feldstein
|
0-0: Foul Ball, location: 2F 0-1: Foul Ball, location: 2F 0-2: Ball 1-2: Foul Ball, location: 2F 1-2: Ball 2-2: Strikes out looking
|
|
Pitching: RHP Charles Picard
|
|
|
Batting: LHB Dave Ortiz
|
0-0: Ball 1-0: Called Strike 1-1: Ball 2-1: Ground out 4-3 (Groundball, 4, EV 78.8 MPH) Paul Ngumi scores Ken Stair to third
|
|
Batting: RHB Bailey Hays
|
0-0: Called Strike 0-1: Ball 1-1: Ball 2-1: Ball 3-1: Swinging Strike 3-2: Foul Ball, location: 2F 3-2: Strikes out looking
|
| Top of the 6th over - 1 run, 1 hit, 0 errors, 1 left on base; Pulaski 2 - Greeneville 7 |
| BOTTOM OF THE 6TH |
|
Greeneville Astros batting - Pitching for Pulaski Yankees : RHP Manny de la Cruz
|
|
Batting: RHB Fernando Acosta
|
0-0: Ball 1-0: Foul Ball, location: 2F 1-1: TRIPLE (Line Drive, 89XD, EV 103.8 MPH)
|
|
Batting: LHB Vecdi Hodensack
|
0-0: Ball 1-0: Ball 2-0: Ground out 1-3 (Groundball, P, EV 63.8 MPH)
|
|
Batting: RHB Jamie Walker
|
0-0: Called Strike 0-1: 2-RUN HOME RUN (Flyball, 7D, EV 99.4 MPH), Distance : 383 ft
|
|
Batting: RHB Hugo Priego
|
0-0: Foul Ball, location: 2F 0-1: Foul Ball, location: 2F 0-2: Ball 1-2: Ball 2-2: Ball 3-2: Base on Balls
|
|
Pitching: RHP Chris Bryant
|
|
|
Batting: RHB Tim Williams
|
0-0: Called Strike 0-1: Swinging Strike 0-2: Ball 1-2: Strikes out looking
|
|
Batting: LHB Bert Middleton
|
0-0: Swinging Strike 0-1: Ball 1-1: Ball 2-1: Called Strike 2-2: Strikes out swinging
|
| Bottom of the 6th over - 2 runs, 2 hits, 0 errors, 1 left on base; Pulaski 2 - Greeneville 9 |
| TOP OF THE 7TH |
|
Pulaski Yankees batting - Pitching for Greeneville Astros : RHP Charles Picard
|
|
Batting: LHB Rip Log
|
0-0: Foul Ball, location: 2F 0-1: Called Strike 0-2: Strikes out swinging
|
|
Pinch Hitting: LHB Chris Viehman
|
0-0: Called Strike 0-1: Ball 1-1: Called Strike 1-2: Ground out 4-3 (Groundball, 4MD, EV 82.5 MPH)
|
|
Batting: RHB Jim O'Dwyer
|
0-0: Called Strike 0-1: Ball 1-1: Ball 2-1: Called Strike 2-2: Strikes out swinging
|
| Top of the 7th over - 0 runs, 0 hits, 0 errors, 0 left on base; Pulaski 2 - Greeneville 9 |
| BOTTOM OF THE 7TH |
|
Greeneville Astros batting - Pitching for Pulaski Yankees : RHP Chris Bryant
|
|
Now at SS: Victor Garcia
|
|
|
Batting: RHB Bill Borden
|
0-0: Called Strike 0-1: Ball 1-1: Ball 2-1: Fly out, F7 (Line Drive, 7S, EV 86.9 MPH)
|
|
Batting: RHB David Snyder
|
0-0: Ball 1-0: Ground out 6-3 (Groundball, 6, EV 86.2 MPH)
|
|
Batting: LHB Guadalupe Gonzalez
|
0-0: SINGLE (Groundball, 56, EV 96.2 MPH)
|
|
Batting: RHB Fernando Acosta
|
0-0: Ball Guadalupe Gonzalez is caught stealing 2nd base 2-4
|
| Bottom of the 7th over - 0 runs, 1 hit, 0 errors, 0 left on base; Pulaski 2 - Greeneville 9 |
| TOP OF THE 8TH |
|
Pulaski Yankees batting - Pitching for Greeneville Astros : RHP Charles Picard
|
|
Pitching: LHP Chase Smith
|
|
|
Batting: SHB Dylan Best
|
0-0: Ball 1-0: Ground out 6-3 (Groundball, 6, EV 85.6 MPH)
|
|
Batting: RHB Paul Ngumi
|
0-0: Called Strike 0-1: Foul Ball, location: 2F 0-2: Hit by Pitch
|
|
Batting: RHB Ken Stair
|
0-0: Ball 1-0: Ball 2-0: Ball 3-0: Base on Balls Paul Ngumi to second
|
|
Pitching: RHP Marc Marchand
|
|
|
Pinch Hitting: LHB Troy Jones
|
0-0: Ball 1-0: Swinging Strike 1-1: Ball 2-1: Ball 3-1: Swinging Strike 3-2: Foul Ball, location: 2F 3-2: Foul Ball, location: 2F 3-2: Strikes out swinging
|
|
Batting: LHB Dave Ortiz
|
0-0: Called Strike 0-1: Ball 1-1: Called Strike 1-2: Hit by Pitch Paul Ngumi to third Ken Stair to second
|
|
Pinch Hitting: LHB Victor Reyna
|
0-0: Ball 1-0: Fly out, F7 (Flyball, 78D, EV 105.6 MPH)
|
| Top of the 8th over - 0 runs, 0 hits, 0 errors, 3 left on base; Pulaski 2 - Greeneville 9 |
| BOTTOM OF THE 8TH |
|
Greeneville Astros batting - Pitching for Pulaski Yankees : RHP Chris Bryant
|
|
Now at 3B: Dylan Best
|
|
|
Now in LF: Victor Reyna
|
|
|
Now in CF: Troy Jones
|
|
|
Batting: RHB Fernando Acosta
|
0-0: Foul Ball, location: 2F 0-1: Ball 1-1: Fly out, F9 (Flyball, 89M, EV 85.0 MPH)
|
|
Batting: LHB Vecdi Hodensack
|
0-0: Called Strike 0-1: Swinging Strike 0-2: Ball 1-2: Foul Ball, location: 2F 1-2: Ball 2-2: SINGLE (Line Drive, 8LS, EV 90.0 MPH)
|
|
Pitching: RHP Jose Palacio
|
|
|
Batting: RHB Jamie Walker
|
0-0: Called Strike Vecdi Hodensack steals 2nd base 0-1: Called Strike 0-2: Foul Ball, location: 2F 0-2: Strikes out swinging
|
|
Batting: RHB Hugo Priego
|
0-0: Called Strike 0-1: Fly out, F7 (Flyball, 7, EV 91.2 MPH)
|
| Bottom of the 8th over - 0 runs, 1 hit, 0 errors, 1 left on base; Pulaski 2 - Greeneville 9 |
| TOP OF THE 9TH |
|
Pulaski Yankees batting - Pitching for Greeneville Astros : RHP Marc Marchand
|
|
Pinch Hitting: RHB Yasuoka Tsuda
|
0-0: Ball 1-0: Foul Ball, location: 2F 1-1: DOUBLE (Line Drive, 89D, EV 110.0 MPH)
|
|
Batting: RHB Victor Garcia
|
0-0: Ball 1-0: Called Strike 1-1: Foul Ball, location: 2F 1-2: Strikes out looking
|
|
Batting: RHB Jim O'Dwyer
|
0-0: Ground out 6-3 (Groundball, 6M, EV 83.8 MPH) Yasuoka Tsuda to third
|
|
Batting: SHB Dylan Best
|
0-0: Foul Ball, location: 2F 0-1: Ball 1-1: Called Strike 1-2: Foul Ball, location: 2F 1-2: Ball 2-2: Strikes out swinging
|
| Top of the 9th over - 0 runs, 1 hit, 0 errors, 1 left on base; Pulaski 2 - Greeneville 9 |
|